 Dungeon Crawl Stone Soup version 0.23-a0-4-g8f018a2 (webtiles) character file.

29099 Goblin1989 the Slicer (level 13, 0/124 HPs)
             Began as a Kobold Berserker on July 31, 2018.
             Was an Elder of Trog.
             Slain by a blink frog (7 damage)
             ... on level 4 of the Lair of Beasts on Aug 1, 2018.
             The game lasted 01:11:12 (20295 turns).

Goblin1989 the Slicer (Kobold Berserker)           Turns: 20295, Time: 01:11:13

Health: 0/124      AC: 11    Str: 19    XL:     13   Next: 78%
Magic:  18/18      EV: 24    Int:  9    God:    Trog [****..]
Gold:   507        SH:  5    Dex: 19    Spells: 12/12 levels left

rFire    + + +     SeeInvis .   a - +0 rapier (speed)
rCold    + + .     Gourm    .   (shield restricted)
rNeg     . . .     Faith    .   b - +3 leather armour of Circular Logic {rF++}
rPois    +         Spirit   .   l - +2 helmet
rElec    .         Reflect  +   J - scarf {rC+ rF+}
rCorr    .         Harm     .   (no gloves)
MR       .....                  H - +0 pair of boots
Stlth    ..........             I - +5 amulet of reflection
HPRegen  0.30/turn              o - ring of poison resistance
MPRegen  0.16/turn              c - ring of protection from cold

@: berserking (expiring), very quick
A: small, carnivore
a: Berserk, Trog's Hand, Brothers in Arms, Renounce Religion


You were on level 4 of the Lair of Beasts.
You worshipped Trog.
Trog was greatly pleased with you.
You were not hungry.

You visited 2 branches of the dungeon, and saw 15 of its levels.
You also visited: Labyrinth, Ossuary, Ice Cave and Volcano.

You collected 831 gold pieces.
You spent 324 gold pieces at shops.

Inventory:

Hand Weapons
 a - a +0 rapier of speed (weapon)
 w - a +0 blowgun {@w1}
Missiles
 f - 8 needles of confusion {god gift}
 j - 4 poisoned tomahawks (quivered) {god gift}
 q - 3 curare-tipped needles {god gift}
 C - 4 needles of paralysis {god gift}
 D - 4 needles of sleeping {god gift}
 F - 52 poisoned needles
Armour
 b - the +3 leather armour of Circular Logic (worn) {rF++}
   (You found it on level 4 of the Lair of Beasts)

   It greatly protects you from fire.
 l - a +2 helmet (worn)
 y - the -1 helmet of Uhian {rCorr}
   (You found it on level 4 of the Dungeon)

   It provides partial protection from all sources of acid and corrosion.
 H - a +0 pair of boots (worn)
 J - a scarf of resistance (worn)
 N - a +2 troll leather armour
Jewellery
 c - a ring of protection from cold (right hand)
 m - an uncursed ring of protection from magic
 o - a ring of poison resistance (left hand)
 G - an uncursed amulet of the gourmand {unknown}
 I - a +5 amulet of reflection (around neck)
Wands
 k - a wand of flame (22) {@v6}
 O - a wand of acid (12) {@v2}
 Q - a wand of enslavement (11)
 U - a wand of iceblast (5) {@v4}
 X - a wand of polymorph (14)
Scrolls
 d - 4 scrolls of holy word {unknown}
 h - 3 scrolls of fear
 i - 2 scrolls of enchant weapon {unknown}
 z - 3 scrolls of remove curse {@r3}
 A - 2 scrolls of fog {unknown}
 B - a scroll of blinking
 K - 8 scrolls of amnesia {unknown}
 R - a scroll of identify {@r1}
 T - 8 scrolls of teleportation {!r, @r2}
 V - 5 scrolls of immolation {unknown}
 Z - 3 scrolls of random uselessness {unknown}
Potions
 g - 3 potions of mutation {!q}
 n - 4 potions of might
 p - 4 potions of haste {@q3,}
 r - 2 potions of cancellation
 s - 2 potions of ambrosia
 t - 4 potions of lignification
 u - 3 potions of agility {@q5}
 v - 2 potions of invisibility
 x - 2 potions of heal wounds {@q2}
 E - 12 potions of curing {@q1}
 L - a potion of resistance {@q6}
 S - 3 potions of brilliance {unknown}
 W - a potion of flight {unknown}
 Y - a potion of magic
Miscellaneous
 M - a phantom mirror
Comestibles
 e - 27 rations


   Skills:
 + Level 10.3 Fighting
 - Level 14.0 Short Blades
 + Level 9.7 Throwing
 - Level 5.0 Armour
 + Level 10.9 Dodging
 + Level 12.8 Stealth
 + Level 7.4 Evocations


You had 12 spell levels left.
You didn't know any spells.
Your spell library was empty.

Dungeon Overview and Level Annotations

Branches:
Dungeon (11/15)            Temple (0/1) D:7            Lair (4/6) D:9
  Swamp (0/4) Lair:3        Snake (0/4) Lair:2
    Orc: D:9-12

Altars:
Ashenzari
Cheibriados
Dithmenos
Fedhas
Gozag
Kikubaaqudgha
Makhleb
Qazlal
Sif Muna
Uskayaw
The Shining One

Shops:
D:4 *

Annotations:
D:5 3 runed doors, melvinkitnick's ghost, novice HOFi; mhoghedin's ghost, novice KoBe
D:8 exclusion: door
Lair:1 exclusion: 2 oklob plants


Innate Abilities, Weirdness & Mutations

You are small and have problems with some larger weapons.
You are carnivorous and can eat meat at any time.


Message History

You take 7 damage, and have 33/123 hp.
You puncture Snorg!
Snorg is heavily wounded.
The blink frog completely misses you.
You hit Snorg.
Snorg is severely wounded.
The blink frog barely misses you.
You barely miss Snorg.
Snorg is severely wounded.
You block the blink frog's attack. Snorg barely misses you. Snorg claws you!
* * * LOW HITPOINT WARNING * * *
Snorg barely misses you.
You take 14 damage, and have 19/123 hp.
You closely miss Snorg.
Snorg is severely wounded.
The blink frog blinks!
The blink frog closely misses you.
You impale Snorg!!
Snorg is severely wounded.
You barely miss Snorg.
Snorg is severely wounded.
The blink frog completely misses you.
The blink frog blinks!
Snorg completely misses you. Snorg claws you.
* * * LOW HITPOINT WARNING * * *
Snorg misses you.
You take 3 damage, and have 16/123 hp.
You puncture Snorg!
Snorg is almost dead.
The blink frog misses you.
You puncture Snorg!
Snorg is almost dead.
The blink frog blinks!
You hit Snorg.
Snorg is almost dead.
Snorg completely misses you. Snorg closely misses you. Snorg barely misses you.
You closely miss Snorg.
Snorg is almost dead.
The blink frog completely misses you.
You closely miss Snorg.
Snorg is almost dead.
You puncture Snorg!
You kill Snorg!
Trog accepts your kill.
Unknown command.
You puncture the blink frog!
The blink frog is moderately wounded.
The blink frog hits you but does no damage.
You puncture the blink frog!
The blink frog is severely wounded.
The blink frog blinks!
You miss the blink frog.
The blink frog is severely wounded.
The blink frog misses you.
You barely miss the blink frog.
The blink frog is severely wounded.
You miss the blink frog.
The blink frog is severely wounded.
You block the blink frog's attack.
You closely miss the blink frog.
The blink frog is severely wounded.
The blink frog blinks!
You barely miss the blink frog. You closely miss the blink frog.
The blink frog closely misses you. x2
Unknown command.
You puncture the blink frog!
The blink frog is moderately wounded.
You closely miss the blink frog.
The blink frog is moderately wounded.
You impale the blink frog!!
The blink frog is almost dead.
The blink frog completely misses you.
You puncture the blink frog!
You kill the blink frog!
Trog accepts your kill. The blink frog misses you.
You barely miss the blink frog. The blink frog completely misses you.
You impale the blink frog!!
The blink frog is severely wounded.
The blink frog hits you!
* * * LOW HITPOINT WARNING * * *
You take 10 damage, and have 7/124 hp.
You miss the blink frog.
The blink frog is severely wounded.
You barely miss the blink frog.
The blink frog is severely wounded.
You hit the blink frog.
The blink frog is severely wounded.
The blink frog closely misses you.
Unknown command.
You closely miss the blink frog.
The blink frog is severely wounded.
The blink frog closely misses you.
Unknown command.
You puncture the blink frog!
The blink frog is almost dead.
The blink frog barely misses you.
You puncture the blink frog!
You kill the blink frog!
Trog accepts your kill. The blink frog hits you!
You die...

... █..P... █.........█ █..
██..P.█ █.........█ █..██
██P..█
█.........████...█████...█
██................P██.██...
█..........................
██.........█...............
█........F██ ██............
█.....$F.@███.............
█.......FP.█.█...........(
█.......................♣♣
█..███..................♣
█.. █.....█.............♣
█.. █P..█████...███..█...
█.. ██..█ █..██ ████... █..
.P... ....█ █.F .......
...██


You could see 3 blink frogs.

Vanquished Creatures
  A minotaur (Lab)
  Snorg (Lair:4)
  3 hydras
  A fire crab (Lair:3)
  A necromancer (IceCv)
  4 salamanders (Volcano)
  A black mamba (Lair:1)
  4 elephants
  2 ice statues (IceCv)
  3 spiny frogs
  A gargoyle (D:10)
  2 nagas (Lair:2)
  2 rime drakes (Lair:4)
  8 komodo dragons
  A queen bee (D:9)
  7 ice devils (IceCv)
  2 polar bears (Lair:3)
  A troll (D:10)
  Grinder (D:4)
  2 blink frogs (Lair:4)
  5 hippogriffs
  A shadow (D:9)
  A vampire (D:10)
  2 fire bats (Volcano)
  17 yaks
  9 basilisks
  Grum (D:9)
  A steam dragon (D:9)
  2 hungry ghosts (D:10)
  Menkaure (D:4)
  A hell hound (Volcano)
  5 water moccasins
  3 porcupines
  4 black bears
  An eye of draining (D:7)
  3 orc warriors
  2 sky beasts
  2 ice beasts
  2 phantoms
  2 centaurs
  2 ogres
  9 wolves
  3 elf zombies (Ossuary)
  7 crocodiles
  A big kobold (D:10)
  13 bullfrogs
  A wyvern zombie (D:8)
  3 scorpions
  24 killer bees
  4 howler monkeys
  4 crimson imps
  2 draconian simulacra (IceCv)
  A centaur skeleton (D:5)
  4 hounds
  2 human zombies (Ossuary)
  4 jellies
  Crazy Yiuf (D:2)
  A centaur zombie (Ossuary)
  4 orc priests
  5 orc wizards
  A bullfrog skeleton (D:5)
  2 iguanas (D:6)
  Jessica (D:3)
  Terence (D:2)
  A worker ant (D:5)
  2 troll simulacra (IceCv)
  2 centaur simulacra (IceCv)
  A hound zombie (Ossuary)
  2 hound skeletons (D:4)
  3 mummies (Ossuary)
  A worker ant zombie (D:7)
  6 adders
  4 gnolls (D:9)
  A howler monkey skeleton (D:5)
  2 naga simulacra (IceCv)
  2 ogre simulacra (IceCv)
  2 shadow imps (D:5)
  An ooze (D:2)
  2 adder skeletons (D:7)
  2 adder zombies (Ossuary)
  A worm (D:4)
  5 dart slugs
  2 leopard geckos
  26 orcs
  3 giant cockroaches
  A goblin (D:1)
  9 hobgoblins
  4 jackals
  2 quokkas
  5 bats
  8 frilled lizards
  A giant cockroach zombie (D:5)
  A gnoll zombie (Ossuary)
  4 goblin zombies (Ossuary)
  A hobgoblin zombie (Ossuary)
  A jackal zombie (Ossuary)
  9 kobolds
  7 kobold zombies (Ossuary)
  2 orc zombies (Ossuary)
  2 quokka skeletons
  6 quokka zombies (Ossuary)
  8 rats
  A rat zombie (Ossuary)
356 creatures vanquished.

Vanquished Creatures (collateral kills)
  3 nagas (Lair:2)
  A crocodile (Lair:3)
4 creatures vanquished.

Vanquished Creatures (others)
  A two-headed ogre (Volcano)
  A centaur (Volcano)
  An orc wizard (D:9)
  2 fungi (Lair:4)
  3 plants
  3 withered plants (D:5)
11 creatures vanquished.

Grand Total: 371 creatures vanquished

Notes
Turn   | Place    | Note
-------+----------+-------------------------------------------
     0 | D:1      | Goblin1989 the Kobold Berserker began the quest for the Orb.
     0 | D:1      | Reached XP level 1. HP: 14/14 MP: 1/1
   116 | D:1      | Reached XP level 2. HP: 8/19 MP: 2/2
   460 | D:1      | Reached skill level 1 in Stealth
   891 | D:1      | Reached skill level 5 in Short Blades
  1232 | D:2      | Reached XP level 3. HP: 23/23 MP: 3/3
  1291 | D:2      | Reached ** piety under Trog
  1702 | D:2      | Found a shattered altar of Ashenzari.
  1708 | D:2      | Reached XP level 4. HP: 28/28 MP: 4/4
  1760 | D:2      | Found a runed door.
  1935 | D:2      | Noticed Terence
  1939 | D:2      | Killed Terence
  1939 | D:2      | Reached skill level 6 in Short Blades
  1998 | D:2      | Found a glowing golden altar of the Shining One.
  2162 | D:2      | Noticed Crazy Yiuf
  2168 | D:2      | Killed Crazy Yiuf
  2168 | D:2      | Reached XP level 5. HP: 21/32 MP: 5/5
  2462 | D:3      | Noticed Jessica
  2690 | D:3      | Killed Jessica
  3193 | D:4      | Reached skill level 7 in Short Blades
  3193 | D:4      | Reached XP level 6. HP: 20/37 MP: 6/6
  3374 | D:4      | Found Qaseiwka's Assorted Antiques.
  3383 | D:4      | Bought a green potion for 27 gold pieces
  3383 | D:4      | Bought a bubbling blue potion for 27 gold pieces
  3383 | D:4      | Bought a scroll labeled XAKONUFUGE for 30 gold pieces
  3383 | D:4      | Bought a scroll labeled LYEMNE TIUVVACOA for 30 gold pieces
  3690 | D:4      | Found a shadowy altar of Dithmenos.
  3694 | D:4      | Noticed Menkaure
  3705 | D:4      | Killed Menkaure
  3705 | D:4      | Reached skill level 1 in Throwing
  3749 | D:4      | Noticed Grinder
  3760 | D:4      | Killed Grinder
  3760 | D:4      | Reached skill level 8 in Short Blades
  3760 | D:4      | Reached XP level 7. HP: 43/43 MP: 7/7
  4037 | D:4      | Got an encrusted helmet
  4043 | D:4      | Identified the -1 helmet of Uhian {rCorr} (You found it on level 4 of the Dungeon)
  4112 | D:4      | Found a blossoming altar of Fedhas.
  4116 | D:4      | Found an opulent altar of Gozag.
  4117 | D:4      | Found an ancient bone altar of Kikubaaqudgha.
  4819 | D:5      | Entered Level 5 of the Dungeon
  4835 | D:5      | Reached skill level 5 in Stealth
  4914 | D:5      | Found a sand-covered staircase.
  4919 | Ossuary  | Entered an ossuary
  5092 | Ossuary  | Reached *** piety under Trog
  5205 | Ossuary  | Reached XP level 8. HP: 47/48 MP: 8/8
  5733 | Ossuary  | Reached skill level 9 in Short Blades
  6067 | D:5      | Found a runed gate.
  6068 | D:5      | Found a runed gate.
  6068 | D:5      | Found a runed gate.
  6068 | D:5      | Noticed mhoghedin's ghost (novice KoBe)
  6068 | D:5      | Noticed melvinkitnick's ghost (novice HOFi)
  6609 | D:5      | Reached skill level 5 in Fighting
  7083 | D:6      | Reached skill level 5 in Dodging
  7134 | D:6      | Reached XP level 9. HP: 39/54 MP: 9/9
  7578 | D:6      | Reached skill level 10 in Short Blades
  7587 | D:6      | Found a hide-covered altar of Uskayaw.
  7590 | D:6      | Noticed a dagger
  7590 | D:6      | Noticed an enchanted dagger
  7966 | D:6      | Found a deep blue altar of Sif Muna.
  8138 | D:7      | Reached **** piety under Trog
  8466 | D:7      | Found a staircase to the Ecumenical Temple.
  9294 | D:8      | Reached skill level 11 in Short Blades
  9509 | D:8      | Found a stormy altar of Qazlal.
  9564 | D:8      | Reached skill level 5 in Throwing
  9564 | D:8      | Reached XP level 10. HP: 52/60 MP: 10/10
  9602 | D:8      | Found a snail-covered altar of Cheibriados.
 10786 | D:9      | Noticed Grum
 11005 | D:9      | Killed Grum
 11016 | D:9      | Reached skill level 12 in Short Blades
 12046 | D:9      | Noticed an elephant
 12063 | D:9      | Found a burning altar of Makhleb.
 12077 | D:9      | Killed an elephant
 12082 | D:9      | Reached XP level 11. HP: 35/67 MP: 11/11
 12473 | D:4      | Bought a runed rapier for 210 gold pieces
 12673 | D:9      | Found a staircase to the Lair.
 12948 | D:9      | Reached skill level 13 in Short Blades
 13399 | D:9      | Received a gift from Trog
 13458 | D:10     | Entered Level 10 of the Dungeon
 13872 | D:10     | Reached skill level 10 in Stealth
 13908 | D:10     | Found a shattered altar of Ashenzari.
 14181 | D:10     | Received a gift from Trog
 14181 | D:10     | Reached skill level 1 in Evocations
 14727 | Lair:1   | Entered Level 1 of the Lair of Beasts
 14823 | Lair:1   | Found a dark tunnel.
 14860 | Volcano  | Entered a volcano
 14902 | Volcano  | Noticed a salamander
 14902 | Volcano  | Noticed a salamander
 14902 | Volcano  | Noticed a salamander
 14902 | Volcano  | Noticed a salamander
 14922 | Volcano  | Killed a salamander
 14947 | Volcano  | Killed a salamander
 14979 | Volcano  | Killed a salamander
 14982 | Volcano  | Reached skill level 14 in Short Blades
 14995 | Volcano  | Killed a salamander
 14995 | Volcano  | Reached XP level 12. HP: 23/75 MP: 12/14
 15049 | Volcano  | Killed a two-headed ogre
 15855 | Lair:1   | Noticed a seven-headed hydra
 15862 | Lair:1   | Killed a seven-headed hydra
 16354 | Lair:2   | Received a gift from Trog
 16711 | Lair:2   | Reached skill level 5 in Evocations
 17152 | Lair:2   | Reached ***** piety under Trog
 17228 | Lair:2   | Found a staircase to the Snake Pit.
 17241 | Lair:2   | Reached skill level 10 in Dodging
 17307 | Lair:2   | Reached XP level 13. HP: 51/80 MP: 17/17
 17481 | Lair:3   | Received a gift from Trog
 17592 | Lair:3   | Noticed a six-headed hydra
 17599 | Lair:3   | Killed a six-headed hydra
 17620 | Lair:3   | Found a labyrinth entrance.
 17651 | Lab      | Entered a labyrinth
 18132 | Lab      | Noticed a minotaur
 18151 | Lab      | Killed a minotaur
 18153 | Lab      | Got a blackened mace {crush}
 18171 | Lab      | Identified the +8 mace of the Harvest {crush, Int+4} (You took it off a minotaur in a labyrinth)
 18370 | Lair:3   | Found a staircase to the Swamp.
 18616 | Lair:3   | Noticed a four-headed hydra
 18634 | Lair:3   | Killed a four-headed hydra
 18634 | Lair:3   | Reached skill level 10 in Fighting
 19113 | Lair:4   | Found a frozen archway.
 19196 | IceCv    | Entered an ice cave
 19396 | IceCv    | Received a gift from Trog
 19640 | IceCv    | Reached skill level 5 in Armour
 20158 | Lair:4   | Got a spiked leather armour
 20169 | Lair:4   | Identified the +3 leather armour of Circular Logic {rF++} (You found it on level 4 of the Lair of Beasts)
 20242 | Lair:4   | Noticed Snorg
 20275 | Lair:4   | Killed Snorg
 20295 | Lair:4   | Slain by a blink frog

Vault maps used:
D:1:      scummos_arrival_gate
D:2:      minmay_wonky_spiral, lemuel_doored_altar, tso_altar, first_ration,
          uniq_terence, uniq_crazy_yiuf_cottage
D:3:      uniq_jessica
D:4:      chequers_temple_overflow_statue_of_worship, serial_shops,
          nicolae_shop_overgrown_old_shop, uniq_menkaure, uniq_grinder
D:5:      enter_ossuary_5, gammafunk_ghost_cemetery, minmay_misc_feat_x
D:6:      dancing_weapons_uskayaw, led_sif_pool
D:7:      minmay_temple_entry_poolview
D:8:      cheibrodos_worm_habitat, kennysheep_mini_moat
D:9:      david_lair_generic, basic_altar, david_nohive_1, uniq_grum
D:10:     ashenzari_altar_1
D:11:     ebering_ghost_xom, uniq_erolcha
Lair:1:   nicolae_volcano_entry_lava_flow, beast_lair_carwin_8,
          minmay_lair_oklob_chamber, grunt_megastairs_4,
          infiniplex_staircase_pool
Lair:2:   minmay_snake_entry_guardpost_medium, st_stairs_13,
          serial_bayou_ford_a, small_statue_intersection,
          minmay_stone_trees_small
Lair:3:   swamp_mist_pool, lab_entry_generic
Lair:4:   portal_ice_cave_rime, nicolae_lair_grove_arrangements, uniq_snorg,
          uniq_kirke
Lab:      labyrinth_mini_lab, nicolae_lab_garden
Ossuary:  minmay_ossuary_two_tombs
IceCv:    ice_cave_tombish
Volcano:  volcano_village

Skill      XL: |  1  2  3  4  5  6  7  8  9 10 11 12 13 |
---------------+----------------------------------------+-----
Stealth        | 1 2 3 4 5 6 7 9 10 11 12 | 12.8
Short Blades   | 5 6 7 8 9 11 12 14 | 14.0
Throwing       | 2 3 5 6 7 8 9 |  9.7
Dodging        | 3 4 5 6 7 8 10 | 10.9
Fighting       | 4 5 6 7 8 9 10 | 10.3
Evocations     | 2 5 7 |  7.4
Armour         | 2 4 5 |  5.0

Action                   |  1- 3 |  4- 6 |  7- 9 | 10-12 | 13-15 || total
-------------------------+-------+-------+-------+-------+-------++-------
Melee: Short sword       |   106 |   100 |   615 |   330 |       ||  1151
       Rapier            |       |       |       |   919 |   657 ||  1576
 Fire: Blowgun           |       |     6 |    22 |    28 |       ||    56
Invok: Berserk           |       |     4 |    10 |    15 |     5 ||    34
       Trog's Hand       |       |     1 |     1 |     7 |     2 ||    11
       Brothers in Arms  |       |       |       |       |     2 ||     2
Evoke: Wand              |       |       |       |     6 |     6 ||    12
  Use: Scroll            |       |       |    16 |     9 |     1 ||    26
       Potion            |       |       |       |     1 |     1 ||     2
 Stab: Sleeping          |     5 |     7 |    20 |    17 |     9 ||    58
       Distracted        |     1 |       |       |     1 |       ||     2
       Paralysed         |       |       |       |       |     1 ||     1
  Eat: Chunk             |    11 |     8 |    29 |    45 |     9 ||   102
       Ration            |       |       |     1 |       |       ||     1
Armor: Animal skin       |    11 |     7 |    44 |    58 |       ||   120
       Troll leather arm |       |       |       |    33 |    35 ||    68
       Leather armour    |       |       |       |       |     3 ||     3
Dodge: Dodged            |    68 |    56 |   278 |   530 |   225 ||  1157
Block: Other             |       |       |    82 |   134 |    51 ||   267
       Reflection        |       |       |     3 |     1 |     1 ||     5

Table legend:
 A = Spawn XP
 B = Non-spawn XP
 C = Spawn XP percentage of total XP
 D = Spawn monster count
 E = Non-spawn monster count
 F = Spawn count percentage of total count
 G = Total turns spent on level
                    A         B        C        D         E        F      G
               +---------+---------+-------+---------+---------+-------+---------
         Total |       0 |   41571 |   0.0 |       0 |     360 |   0.0 | 20295
               +---------+---------+-------+---------+---------+-------+---------
           D:1 |       0 |      26 |   0.0 |       0 |      12 |   0.0 |  1186
           D:2 |       0 |     129 |   0.0 |       0 |      25 |   0.0 |  1156
           D:3 |       0 |      90 |   0.0 |       0 |      19 |   0.0 |   809
           D:4 |       0 |     622 |   0.0 |       0 |      13 |   0.0 |  1750
           D:5 |       0 |     391 |   0.0 |       0 |      14 |   0.0 |  1202
           D:6 |       0 |     739 |   0.0 |       0 |      12 |   0.0 |  1046
           D:7 |       0 |    1033 |   0.0 |       0 |      25 |   0.0 |  1271
           D:8 |       0 |    1332 |   0.0 |       0 |      19 |   0.0 |  1525
           D:9 |       0 |    5101 |   0.0 |       0 |      49 |   0.0 |  2856
          D:10 |       0 |    1853 |   0.0 |       0 |      23 |   0.0 |   894
        Lair:1 |       0 |    6083 |   0.0 |       0 |      25 |   0.0 |  1078
        Lair:2 |       0 |    7172 |   0.0 |       0 |      35 |   0.0 |  1158
        Lair:3 |       0 |    4932 |   0.0 |       0 |      15 |   0.0 |  1011
        Lair:4 |       0 |    2727 |   0.0 |       0 |       7 |   0.0 |   387
           Lab |       0 |    1977 |   0.0 |       0 |       5 |   0.0 |   527
       Ossuary |       0 |     526 |   0.0 |       0 |      35 |   0.0 |  1030
         IceCv |       0 |    4113 |   0.0 |       0 |      20 |   0.0 |   875
       Volcano |       0 |    2725 |   0.0 |       0 |       7 |   0.0 |   532
               +---------+---------+-------+---------+---------+-------+---------

Vault maps used:
D:1:      scummos_arrival_gate
D:2:      minmay_wonky_spiral, lemuel_doored_altar, tso_altar, first_ration,
          uniq_terence, uniq_crazy_yiuf_cottage
D:3:      uniq_jessica
D:4:      chequers_temple_overflow_statue_of_worship, serial_shops,
          nicolae_shop_overgrown_old_shop, uniq_menkaure, uniq_grinder
D:5:      enter_ossuary_5, gammafunk_ghost_cemetery, minmay_misc_feat_x
D:6:      dancing_weapons_uskayaw, led_sif_pool
D:7:      minmay_temple_entry_poolview
D:8:      cheibrodos_worm_habitat, kennysheep_mini_moat
D:9:      david_lair_generic, basic_altar, david_nohive_1, uniq_grum
D:10:     ashenzari_altar_1
D:11:     ebering_ghost_xom, uniq_erolcha
Lair:1:   nicolae_volcano_entry_lava_flow, beast_lair_carwin_8,
          minmay_lair_oklob_chamber, grunt_megastairs_4,
          infiniplex_staircase_pool
Lair:2:   minmay_snake_entry_guardpost_medium, st_stairs_13,
          serial_bayou_ford_a, small_statue_intersection,
          minmay_stone_trees_small
Lair:3:   swamp_mist_pool, lab_entry_generic
Lair:4:   portal_ice_cave_rime, nicolae_lair_grove_arrangements, uniq_snorg,
          uniq_kirke
Lab:      labyrinth_mini_lab, nicolae_lab_garden
Ossuary:  minmay_ossuary_two_tombs
IceCv:    ice_cave_tombish
Volcano:  volcano_village
